 Dungeon Crawl Stone Soup version 0.31-a0-703-gcfe89afef6 (webtiles) character file.

Game seed: 2845455074153995126

56 arthad the Digger (level 3, -1/28 HPs)
             Began as a Draconian Earth Elementalist on Sept 9, 2023.
             Slain by Crazy Yiuf
             ... wielding a +4 quarterstaff of chaos
              (16 damage)
             ... on level 2 of the Dungeon.
             The game lasted 00:02:25 (1800 turns).

arthad the Digger (Draconian Earth Elementalist)    Turns: 1800, Time: 00:02:26

Health: -1/28      AC:  5    Str: 10    XL:     3   Next: 71%
Magic:  4/6        EV: 12    Int: 17    God:
Gold:   65         SH:  0    Dex: 11    Spells: 0/6 levels left

rFire   . . .        (no weapon)
rCold   . . .        (no shield)
rNeg    . . .        (body armour unavailable)
rPois   .            (helmet restricted)
rElec   .            (no cloak)
rCorr   .            (no gloves)
SInv    .            (no boots)
Will    .....        (no amulet)
Stlth   ++           (no ring)
HPRegen 0.24/turn    (no ring)
MPRegen 0.10/turn

%: no passive effects
@: lethally poisoned (-1 -> -14)
A: AC +5, unfitting armour, cold-blooded
a: no special abilities


You were on level 2 of the Dungeon.
You visited 1 branch of the dungeon, and saw 2 of its levels.

You collected 65 gold pieces.

Inventory:

Missiles
 d - 2 curare-tipped darts
 i - 2 boomerangs
Scrolls
 b - a scroll of enchant weapon {unknown}
 f - 2 scrolls of revelation {unknown}
 h - a scroll of teleportation {unknown}
 j - a scroll of vulnerability {unknown}
Potions
 a - a potion of magic
 c - a potion of haste {unknown}
 e - a potion of heal wounds {unknown}
 g - 2 potions of curing {unknown}


   Skills:
 + Level 1.2 Fighting
 + Level 2.1 Dodging
 + Level 2.1 Stealth
 + Level 2.3 Spellcasting
 + Level 0.9 Conjurations
 + Level 1.5 Transmutations
 + Level 3.3 Earth Magic


You couldn't memorise any spells.
You knew the following spells:

 Your Spells              Type           Power      Damage    Failure   Level
a - Sandblast             Erth           26%        2d8       4%          1
b - Passwall              Tmut/Erth      8%         N/A       11%         2
c - Stone Arrow           Conj/Erth      18%        3d8       24%         3

Your spell library contained the following spells:

 Spells                   Type           Power      Damage    Failure   Level
 Petrify                  Tmut/Erth      10%        N/A       56%         4


Dungeon Overview and Level Annotations

Branches:
Dungeon (2/15)

Altars:
Wu Jian

Annotations:
D:2 Crazy Yiuf


Innate Abilities, Weirdness & Mutations

Your plain brown scales are hard. (AC +5)
You cannot fit into any form of body armour.
You are cold-blooded and may be slowed by cold attacks.


Message History

There is a fountain of clear blue water here.
You open the door.
You see here a +0 leather armour.
There is an open door here.
There is a fountain of clear blue water here.
You open the door.
There is an open door here.
There is a dry fountain here.
There is a stone staircase leading down here.
j - a scroll labelled HAIDAE OWUSCHAT
There is a stone staircase leading down here.
Crazy Yiuf shouts!
You can't see any susceptible monsters within range! (Use Z to cast anyway.)
You can't see any susceptible monsters within range! (Use Z to cast anyway.)
You start memorising the spell.
You continue memorising.
Crazy Yiuf screams, "Cod!"
You continue memorising.
You finish memorising.
Spell assigned to 'b'.
This spell is quite dangerous to cast!
You start memorising the spell.
You continue memorising. x3
Crazy Yiuf laughs, "You eyeball bag!"
You finish memorising.
Spell assigned to 'c'.
Okay, then.
You open the door.
Casting: Sandblast (safe; 4% risk of failure)
Confirm with . or Enter, or press ? or * to list all spells.
Aiming: Sandblast (safe; 4% risk of failure)
Press: ? - help, Shift-Dir - straight line, f - Crazy Yiuf
Aim: Crazy Yiuf, wielding a +4 quarterstaff of chaos and wearing a +2 cloak of willpower (84% to hit)
The blast of sand hits Crazy Yiuf!
Crazy Yiuf is moderately wounded.
Crazy Yiuf hits you with a +4 quarterstaff of chaos!
You are poisoned.
Crazy Yiuf misses you.
The blast of sand hits Crazy Yiuf!
Crazy Yiuf is almost dead.
You feel very sick.
Crazy Yiuf hits you with a +4 quarterstaff of chaos!
Ouch! That really hurt!
You die...

#
#.#.####.##.#
#
#.#...#######
#.#####
####.# #.#
#####
###....# #.#
#)..#
......## #.#
#...# ......#
#.# ...
......# #.#
#g# ......#
#.# #@##
......# #.#
##.# ......#
#.# #.##
.....(# #.#
##.# ......#
#.# ##.##
......# #.#
##...#
......# #.#
#....#
......####.#
#....#
...........#
##..##


You could see Crazy Yiuf.

Vanquished Creatures
  A gnoll (D:1)
  2 adders (D:2)
  A giant cockroach (D:1)
  3 goblins
  4 hobgoblins
  2 quokkas (D:1)
  2 ball pythons (D:2)
  5 bats
  3 frilled lizards (D:2)
  4 kobolds
  3 rats (D:1)
30 creatures vanquished.

Notes
Turn   | Place    | Note
-------+----------+-------------------------------------------
     0 | D:1      | arthad the Draconian Earth Elementalist began the quest for
                  | the Orb.
     0 | D:1      | Reached XP level 1. HP: 14/14 MP: 3/3
    41 | D:1      | Found a faded altar of an unknown god.
    98 | D:1      | Got Plato's Catalogue of the Tektite
   349 | D:1      | Reached XP level 2. HP: 20/20 MP: 3/5
   872 | D:2      | Found a runed translucent door.
   873 | D:2      | Noticed Crazy Yiuf
   964 | D:2      | Reached XP level 3. HP: 27/27 MP: 1/6
  1017 | D:2      | Reached skill level 1 in Fighting
  1507 | D:2      | Found an ornate altar of the Wu Jian Council.
  1794 | D:2      | Learned a level 2 spell: Passwall
  1798 | D:2      | Learned a level 3 spell: Stone Arrow
  1800 | D:2      | Slain by Crazy Yiuf

Illustrated notes

Levels and vault maps discovered:
D:1:      minmay_arrival_stone_box, layout_basic,
          shapermc_ecumenical_altar_rom_forum
D:2:      layout_basic, basic_altar, minmay_fountain_box, grunt_ministairs_10,
          uniq_crazy_yiuf_cottage

Skill      XL: |  1  2  3 |
---------------+----------+-----
Dodging        | 2 |  2.1
Stealth        | 2 |  2.1
Fighting       | 1 |  1.2
Spellcasting   | |  2.3
Conjurations   | |  0.9
Transmutations | |  1.5
Earth Magic    | |  3.3

Action                     || total
---------------------------++-------
  Melee: Unarmed           ||    16
         Tailslap          ||     2
   Cast: Sandblast         ||    48
 Armour: Skin              ||    26
  Dodge: Dodged            ||    28

Table legend: (Time is in decaauts)
 A = Elapsed time spent in this place.
 B = Non-inter-level travel time spent in this place.
 C = Inter-level travel time spent in this place.
 D = Time resting spent in this place.
 E = Time spent auto-exploring this place.
 F = Levels seen in this place.
 G = Mean time per level.
                   A        B        C        D        E       F      G
               +--------+--------+--------+--------+--------+-----+--------+
         Total |   1823 |   1808 |     15 |      0 |   1619 |   2 |  911.5 |
       Dungeon |   1823 |   1808 |     15 |      0 |   1619 |   2 |  911.5 |
               +--------+--------+--------+--------+--------+-----+--------+

Top non-repeatable levels by time:
     D:2: 1014 daAuts
     D:1: 808 daAuts
